 Seeded DCSS version 0.30-a0-393-g54b8e3be05 (webtiles) character file.

Game seed: 60221415 (custom seed)

1034 McGhostyFace the Chopper (level 8, -2/64 HPs)
             Began as a Gnoll Reaver on Dec 6, 2022.
             Killed by divine providence
             ... invoked by an orc priest
              (12 damage)
             ... on level 5 of the Dungeon.
             The game lasted 00:08:07 (3916 turns).

McGhostyFace the Chopper (Gnoll Reaver)             Turns: 3916, Time: 00:08:10

Health: -2/64      AC:  8    Str: 11    XL:     8   Next: 24%
Magic:  16/17      EV: 13    Int: 15    God:
Gold:   239        SH:  0    Dex: 11    Spells: 15/19 levels left

rFire   . . .      SeeInvis .    p - +8 hand axe "Goudunu" {spect, Fly Will+ Stlth-}
rCold   . . .      Faith    .    (no shield)
rNeg    . . .      Spirit   .    b - +0 leather armour
rPois   .          Reflect  .    (no helmet)
rElec   .          Harm     .    (no cloak)
rCorr   .          Rampage  .    g - +0 pair of gloves
Will    +....                    (no boots)
Stlth   +.........               (no amulet)
HPRegen 0.30/turn                s - +4 ring of protection
MPRegen 0.15/turn                (no ring)

@: flying
A: fangs 1, strong nose, distributed training
a: no special abilities


You were on level 5 of the Dungeon.
You visited 1 branch of the dungeon, and saw 5 of its levels.

You collected 239 gold pieces.

Inventory:

Hand Weapons
 a - a +0 hand axe
 p - the +8 hand axe "Goudunu" (weapon) {spect, Fly Will+ Stlth-}
   (You found it on level 2 of the Dungeon)

   When its wielder attacks, the weapon's spirit leaps out and strikes again.
   The spirit shares a part of any damage it takes with its wielder.
   Fly:       It grants you flight.
   Will:      It increases your willpower.
   Stlth:     It makes you less stealthy.
Missiles
 j - 5 boomerangs (quivered)
Armour
 b - a +0 leather armour (worn)
 g - a +0 pair of gloves (worn)
 v - a +0 pair of boots
Jewellery
 s - a +4 ring of protection (left hand)
Scrolls
 d - a scroll of amnesia {unknown}
 e - a scroll of blinking
 f - 7 scrolls of identify
 m - a scroll of fear {unknown}
 n - 2 scrolls of teleportation
 r - a scroll of torment {unknown}
 u - 2 scrolls of magic mapping {unknown}
Potions
 c - 5 potions of brilliance
 h - a potion of degeneration {unknown}
 i - 3 potions of heal wounds {unknown}
 k - a potion of attraction {unknown}
 l - 2 potions of haste {unknown}
 o - 3 potions of curing {unknown}
 q - 2 potions of cancellation {unknown}
 t - a potion of berserk rage {unknown}
 w - 2 potions of might {unknown}


   Skills:
 + Level 5.6 Fighting
 + Level 3.2 Short Blades
 + Level 3.2 Long Blades
 + Level 7.3 Axes
 + Level 3.2 Maces & Flails
 + Level 3.2 Polearms
 + Level 3.2 Staves
 + Level 3.2 Ranged Weapons
 + Level 3.2 Throwing
 + Level 3.2 Armour
 + Level 5.6 Dodging
 + Level 3.2 Stealth
 + Level 3.2 Shields
 + Level 3.2 Unarmed Combat
 + Level 6.0 Spellcasting
 + Level 6.1 Conjurations
 + Level 2.6 Hexes
 + Level 2.6 Summonings
 + Level 2.6 Necromancy
 + Level 2.6 Translocations
 + Level 2.6 Transmutations
 + Level 2.6 Fire Magic
 + Level 2.6 Ice Magic
 + Level 2.6 Air Magic
 + Level 2.6 Earth Magic
 + Level 2.6 Poison Magic
 + Level 3.5 Invocations
 + Level 3.2 Evocations


You had 15 spell levels left.
You knew the following spells:

 Your Spells              Type           Power      Damage    Failure   Level
a - Kiss of Death         Conj/Necr      68%        2d10      3%          1
b - Dazzling Flash        Conj/Hex       34%        N/A       10%         3

Your spell library contained the following spells:

 Spells                   Type           Power      Damage    Failure   Level
 Momentum Strike          Conj/Tloc      34%        3d8       4%          2
 Apportation              Tloc           24%        N/A       6%          1
 Hailstorm                Conj/Ice       17%        3d6       10%         3
 Ozocubu's Armour         Ice            12%        N/A       19%         3
 Iskenderun's Mystic Bla  Conj/Tloc      17%        2d5       30%         4
 Alistair's Intoxication  Tmut/Pois      8%         N/A       87%         5
 Starburst                Conj/Fire      8%         6d4       99%         6
 Ozocubu's Refrigeration  Ice            6%         4d8       100%        7


Dungeon Overview and Level Annotations

Branches:
Dungeon (5/15)
 Temple: D:4-7

Altars:
Cheibriados
Makhleb
Okawaru
Vehumet


Innate Abilities, Weirdness & Mutations

You have very sharp teeth.
Your uncanny sense of smell can sniff out nearby items.
Your experience applies equally to all skills.


Message History

You completely miss the orc. You hit the necrophage.
You destroy the necrophage!
Your +8 hand axe "Goudunu" {spect, Fly Will+ Stlth-} hits the orc.
The orc hits your +8 hand axe "Goudunu" {spect, Fly Will+ Stlth-} with a +0 war axe.
Your spectral weapon shares its damage with you!
The orc barely misses you.
Unknown command.
You hit the orc.
You kill the orc!
An orc comes into view. It is wielding a +0 short sword.
Things that are here:
a +0 war axe; a +0 leather armour An orc comes into view.
It is wielding a +0 hand axe.
The rat misses you.
You see here an adder corpse.
You hit the rat.
You kill the rat!
An orc priest comes into view. It is wielding a +0 short sword.
The orc priest shouts!
A giant cockroach comes into view.
You see here a hound corpse.
You see here an adder corpse.
You hit the orc.
The orc is heavily wounded.
Your +8 hand axe "Goudunu" {spect, Fly Will+ Stlth-} hits the orc!!
You kill the orc!
An orc comes into view. It is wielding a +0 dagger.
An orc comes into view. It is wielding a +0 trident.
You swap places.
The orc priest invokes the aid of Beogh against you.
Beogh smites you!
* * * LOW HITPOINT WARNING * * *
You hit the orc.
The orc is moderately wounded.
Your +8 hand axe "Goudunu" {spect, Fly Will+ Stlth-} hits the orc!
You kill the orc!
An orc comes into view. It is wielding a +0 club.
The orc priest calls down the wrath of Beogh upon you.
Beogh smites you!
You die...

#. . .._..
#.#.#.....
.........
..#..#.#.
#......o
##...#.#.#
#.###..†..o...
#.??..).)#####
#####@()..#
##)#..# #<#..#
#<#..# #o# .#
#B# .# #o#∆
... ∆ #.#


You could see an orc priest, 3 orcs, a giant cockroach and a friendly +8 hand
axe "Goudunu" {spect, Fly Will+ Stlth-} (summoned).

Vanquished Creatures
  Grinder (D:4)
  Sigmund (D:3)
  An ogre (D:5)
  2 necrophages
  2 scorpions (D:4)
  4 hounds
  Natasha (twice) (D:4)
  An iguana (D:4)
  6 adders
  3 ufetubi
  2 worms
  2 dart slugs (D:2)
  7 orcs
  6 ball pythons
  6 endoplasms
  6 giant cockroaches
  4 goblins
  6 hobgoblins
  2 jackals (D:3)
  6 quokkas
  8 bats
  3 frilled lizards (D:2)
  4 kobolds
  6 rats
91 creatures vanquished.

Vanquished Creatures (others)
  54 plants (D:2)
54 creatures vanquished.

Grand Total: 145 creatures vanquished

Notes
Turn   | Place    | Note
-------+----------+-------------------------------------------
     0 | D:1      | McGhostyFace the Gnoll Reaver began the quest for the Orb.
     0 | D:1      | Reached XP level 1. HP: 20/20 MP: 6/6
    99 | D:1      | Reached XP level 2. HP: 26/26 MP: 7/7
  1138 | D:2      | Identified the +8 hand axe "Goudunu" {spect, Fly Will+
                  | Stlth-}
  1143 | D:2      | Reached skill level 5 in Spellcasting
  1143 | D:2      | Reached XP level 3. HP: 31/31 MP: 7/9
  1292 | D:2      | Reached skill level 1 in Invocations
  1440 | D:2      | Reached skill level 1 in Short Blades
  1440 | D:2      | Reached skill level 1 in Long Blades
  1440 | D:2      | Reached skill level 1 in Maces & Flails
  1440 | D:2      | Reached skill level 1 in Polearms
  1440 | D:2      | Reached skill level 1 in Staves
  1440 | D:2      | Reached skill level 1 in Ranged Weapons
  1440 | D:2      | Reached skill level 1 in Throwing
  1440 | D:2      | Reached skill level 1 in Armour
  1440 | D:2      | Reached skill level 1 in Stealth
  1440 | D:2      | Reached skill level 1 in Shields
  1440 | D:2      | Reached skill level 1 in Unarmed Combat
  1440 | D:2      | Reached skill level 1 in Evocations
  1443 | D:2      | Found an iron altar of Okawaru.
  1457 | D:2      | Reached XP level 4. HP: 38/38 MP: 11/11
  2091 | D:3      | Noticed Sigmund
  2438 | D:3      | Killed Sigmund
  2439 | D:3      | Reached skill level 1 in Hexes
  2439 | D:3      | Reached skill level 1 in Summonings
  2439 | D:3      | Reached skill level 1 in Necromancy
  2439 | D:3      | Reached skill level 1 in Translocations
  2439 | D:3      | Reached skill level 1 in Transmutations
  2439 | D:3      | Reached skill level 1 in Fire Magic
  2439 | D:3      | Reached skill level 1 in Ice Magic
  2439 | D:3      | Reached skill level 1 in Air Magic
  2439 | D:3      | Reached skill level 1 in Earth Magic
  2439 | D:3      | Reached skill level 1 in Poison Magic
  2439 | D:3      | Reached XP level 5. HP: 35/43 MP: 12/12
  2439 | D:3      | Reached XP level 6. HP: 40/50 MP: 14/14
  2443 | D:3      | Learned a level 3 spell: Dazzling Flash
  2475 | D:3      | Found a snail-covered altar of Cheibriados.
  2662 | D:3      | Reached skill level 5 in Fighting
  2662 | D:3      | Reached skill level 5 in Dodging
  2703 | D:3      | Found a burning altar of Makhleb.
  2844 | D:3      | You are sucked into a shaft and drop 1 floor!
  3275 | D:4      | Reached XP level 7. HP: 56/56 MP: 15/15
  3278 | D:4      | Reached skill level 7 in Axes
  3285 | D:4      | Noticed Natasha
  3289 | D:4      | Killed Natasha
  3402 | D:4      | Noticed Grinder
  3410 | D:4      | Paralysed by Grinder for 2 turns
  3414 | D:4      | Killed Grinder
  3466 | D:4      | Noticed Natasha
  3472 | D:4      | Killed Natasha
  3871 | D:5      | Entered Level 5 of the Dungeon
  3892 | D:5      | Reached XP level 8. HP: 45/63 MP: 12/16
  3900 | D:5      | Found a radiant altar of Vehumet.
  3916 | D:5      | Killed from afar by an orc priest

Illustrated notes

Levels and vault maps discovered:
D:1:      erik_arrival_cave_to_civilisation [erik_arrival_cave_to_hall],
          layout_basic, grunt_decor_clamped, columned_hall_lemuel
D:2:      wad_woods_stonehenge, layout_basic, minmay_misc_feat_encased
D:3:      layout_loops_ring, old_standard_altar,
          mainiacjoe_overflow_cross_hatched, uniq_terence,
          uniq_crazy_yiuf_cottage, uniq_sigmund
D:4:      layout_basic, kennysheep_donut, uniq_natasha, uniq_grinder
D:5:      layout_loops_ring, nicolae_vehumet_radiance, temple_pool_b,
          gup_sewer_entry_spiral

Skill      XL: |  1  2  3  4  5  6  7  8 |
---------------+-------------------------+-----
Spellcasting   | 5 6 |  6.0
Invocations    | 1 2 3 |  3.5
Short Blades   | 1 2 3 |  3.2
Long Blades    | 1 2 3 |  3.2
Maces & Flails | 1 2 3 |  3.2
Polearms       | 1 2 3 |  3.2
Staves         | 1 2 3 |  3.2
Ranged Weapons | 1 2 3 |  3.2
Throwing       | 1 2 3 |  3.2
Armour         | 1 2 3 |  3.2
Stealth        | 1 2 3 |  3.2
Shields        | 1 2 3 |  3.2
Unarmed Combat | 1 2 3 |  3.2
Evocations     | 1 2 3 |  3.2
Hexes          | 1 2 |  2.6
Summonings     | 1 2 |  2.6
Necromancy     | 1 2 |  2.6
Translocations | 1 2 |  2.6
Transmutations | 1 2 |  2.6
Fire Magic     | 1 2 |  2.6
Ice Magic      | 1 2 |  2.6
Air Magic      | 1 2 |  2.6
Earth Magic    | 1 2 |  2.6
Poison Magic   | 1 2 |  2.6
Fighting       | 5 |  5.6
Dodging        | 5 |  5.6
Axes           | 7 |  7.3
Conjurations   | 6 |  6.1

Action                   |  1- 3 |  4- 6 |  7- 9 || total
-------------------------+-------+-------+-------++-------
Melee: Hand axe          |    92 |    73 |    48 ||   213
       Bite              |     7 |     4 |     4 ||    15
Throw: Boomerang         |       |     4 |     7 ||    11
 Cast: Dazzling Flash    |       |       |     1 ||     1
  Use: Scroll            |       |       |     3 ||     3
 Stab: Distracted        |     1 |       |       ||     1
       Invisible         |       |       |     1 ||     1
Armor: Leather armour    |    18 |    19 |    15 ||    52
Dodge: Dodged            |    54 |    37 |    34 ||   125

Table legend: (Time is in decaauts)
 A = Elapsed time spent in this place.
 B = Non-inter-level travel time spent in this place.
 C = Inter-level travel time spent in this place.
 D = Time resting spent in this place.
 E = Time spent auto-exploring this place.
 F = Levels seen in this place.
 G = Mean time per level.
                   A        B        C        D        E       F      G
               +--------+--------+--------+--------+--------+-----+--------+
         Total |   3911 |   3779 |    132 |    308 |   2893 |   5 |  782.2 |
       Dungeon |   3911 |   3779 |    132 |    308 |   2893 |   5 |  782.2 |
               +--------+--------+--------+--------+--------+-----+--------+

Top non-repeatable levels by time:
     D:2: 1343 daAuts
     D:1: 1040 daAuts
     D:4: 1033 daAuts
     D:3: 457 daAuts
     D:5: 36 daAuts
